AoeStats
← Padla

Arena

505789034Analyzed
3v3 RM · 21d ago on Sep 11, 2026· 77m 0s· 6 players
Game mode
Random Map
Map size
Normal (6 player)
Population
200
Speed
Normal
Resources
Standard
Victory
Conquest
Starting age
Dark Age
Ending age
Imperial Age
RankedLock teamsTeams togetherTeam positionsShared explorationLock speedFull tech treeHidden civsTurbo modeCheats
Victory
Defeat
🇮🇩 Maya · Indonesia
789
+12
🇨🇦 Persians · Canada
655
+17
🇵🇪 Burgundians · Peru
384
+26
🇪🇸 Britons · Spain
891
-85
🇷🇺 Gurjaras · Russia
598
-16
🇷🇺 Khmer · Russia
530
-13
Shader
0:38 Loom
17:29 Feudal Age
16:01 Double-Bit Axe
16:17 Horse Collar
16:41 Gold Mining
17:08 Stone Mining
19:41 Bow Saw
20:33 Heavy Plow
21:16 Town Watch
26:45 Castle Age
26:22 Wheelbarrow
26:40 Scale Barding Armor
26:34 Fletching
28:50 Chain Barding Armor
28:26 Bodkin Arrow
29:22 Crop Rotation
28:30 Crossbowman
30:27 Two-Man Saw
31:09 Burgundian Vineyards
31:17 Husbandry
32:03 Cavalier
36:18 Imperial Age
34:45 Padded Archer Armor
37:15 Ballistics
38:12 Conscription
39:30 Murder Holes
41:01 Plate Barding Armor
41:38 Chemistry
41:40 Elite Skirmisher
43:46 Fortified Wall
45:37 Hand Cart
45:44 Leather Archer Armor
45:16 Pikeman
45:58 Squires
46:48 Bracer
46:56 Paladin
48:56 Forging
49:32 Arson
50:44 Iron Casting
51:34 Guilds
51:28 Town Patrol
52:31 Blast Furnace
52:34 Scale Mail Armor
51:59 Halberdier
56:38 Chain Mail Armor
60:04 Plate Mail Armor
68:44 Treadmill Crane
70:54 Masonry
71:23 Hoardings
Hosso
12:26 Feudal Age
13:43 Wheelbarrow
13:02 Double-Bit Axe
14:19 Horse Collar
16:01 Gold Mining
21:36 Castle Age
21:44 Stone Mining
22:55 Bow Saw
22:47 Heavy Plow
26:51 Forging
26:42 Scale Mail Armor
26:47 Scale Barding Armor
27:32 Husbandry
28:23 Fletching
28:33 Padded Archer Armor
27:57 Elite Skirmisher
29:58 Ballistics
30:27 Hand Cart
29:58 Loom
30:23 Murder Holes
32:11 Caravan
36:23 Imperial Age
33:57 Bodkin Arrow
34:03 Padded Archer Armor
35:40 Chain Barding Armor
35:35 Chain Mail Armor
35:21 Padded Archer Armor
36:07 Cavalier
38:18 Chemistry
37:51 Savar
52:48 Plate Barding Armor
52:43 Plate Mail Armor
61:39 Heavy Scorpion
MoNoKrom
11:10 Feudal Age
9:28 Loom
16:21 Castle Age
15:11 Stone Mining
27:25 Wheelbarrow
28:04 Scale Mail Armor
30:00 Town Watch
30:04 Horse Collar
31:07 Forging
31:50 Double-Bit Axe
31:59 Gold Mining
32:13 Heavy Plow
35:22 Squires
34:42 Pikeman
36:05 Hand Cart
38:22 Fletching
38:33 Padded Archer Armor
40:09 Chain Mail Armor
44:40 Imperial Age
43:54 Hul'che Javelineers
44:59 Elite Plumed Archer
47:43 Halberdier
52:38 Town Patrol
52:38 Elite Skirmisher
54:46 Bow Saw
58:34 Thumb Ring
58:03 Eagle Warrior
58:30 Arson
59:19 Caravan
60:58 Chemistry
59:55 Murder Holes
62:36 Two-Man Saw
62:10 Crop Rotation
62:19 Stone Shaft Mining
62:26 Heavy Scorpion
71:31 Elite Eagle Warrior
71:55 Crossbowman
Padla
10:52 Feudal Age
11:46 Horse Collar
13:13 Double-Bit Axe
19:07 Castle Age
18:50 Forging
18:41 Scale Mail Armor
20:23 Squires
20:35 Gambesons
21:12 Stone Mining
21:56 Gold Mining
23:32 Pikeman
25:31 Yeomen
25:17 Fletching
26:52 Bow Saw
28:00 Bodkin Arrow
29:09 Heavy Plow
29:40 Padded Archer Armor
31:14 Wheelbarrow
31:17 Leather Archer Armor
33:01 Hand Cart
33:36 Chain Mail Armor
35:36 Iron Casting
37:11 Gold Shaft Mining
37:37 Ballistics
37:29 Fortified Wall
37:15 Murder Holes
46:33 Imperial Age
Kolbas™
10:27 Feudal Age
10:50 Horse Collar
11:34 Double-Bit Axe
14:34 Fletching
14:55 Scale Barding Armor
22:48 Castle Age
23:47 Town Watch
25:31 Bodkin Arrow
28:00 Bow Saw
28:05 Heavy Plow
35:57 Caravan
39:22 Imperial Age
37:31 Ballistics
40:06 Imperial Age
43:04 Chain Barding Armor
42:45 Bracer
42:32 Elite Ballista Elephant
52:33 Masonry
52:29 Siege Engineers
52:19 Murder Holes
52:15 Guard Tower
58:48 Heavy Scorpion
61:36 Chemistry
64:23 Double Crossbow
70:26 Architecture
70:10 Fortified Wall
LadyBoy
8:52 Feudal Age
10:02 Double-Bit Axe
15:53 Stone Mining
15:55 Gold Mining
25:22 Castle Age
30:52 Horse Collar
36:29 Husbandry
37:44 Bow Saw
38:55 Scale Barding Armor
40:24 Chain Barding Armor
40:23 Fletching
45:46 Forging
45:31 Bodkin Arrow
54:30 Imperial Age
59:47 Heavy Camel Rider
63:41 Plate Barding Armor
Connection lost

Rejoining the realm…

Still unreachable

The connection could not be restored.

Session expired

The server has moved on; the page needs a fresh start.